 Dungeon Crawl Stone Soup version 0.26.1-2-gb8aa6d0cf2 (webtiles) character file.

Game seed: 18267555047197988730

1440 Goblin1989 the Cutter (level 8, 0/61 HPs)
             Began as a Demonspawn Delver on Feb 12, 2021.
             Was an Initiate of Gozag.
             Slain by an orc warrior
             ... wielding a +0 war axe
              (8 damage)
             ... on level 7 of the Dungeon.
             The game lasted 00:14:46 (8364 turns).

Goblin1989 the Cutter (Demonspawn Delver)           Turns: 8364, Time: 00:14:46

Health: 0/61       AC:  5    Str: 21    XL:     8   Next: 46%
Magic:  0/8        EV: 17    Int: 14    God:    Gozag
Gold:   227        SH:  0    Dex: 14    Spells: 7/7 levels left

rFire    . . .     SeeInvis .     - Unarmed
rCold    . . .     Faith    .   (no shield)
rNeg     . . .     Spirit   +   b - +0 leather armour
rPois    .         Reflect  .   P - +0 helmet
rElec    .         Harm     .   (no cloak)
rCorr    .         Rampage  .   (no gloves)
Will     .....                  B - +0 pair of boots
Stlth    ++........             X - amulet of the acrobat
HPRegen  0.20/turn              L - +6 ring of strength
MPRegen  0.22/turn              V - +4 ring of evasion

@: gold aura
A: claws 1, powered by pain 1, magic shield, magic regeneration, big brain 1
a: Renounce Religion, Potion Petition, Call Merchant, Bribe Branch


You were on level 7 of the Dungeon.
You worshipped Gozag.
Gozag was aware of your devotion.
You visited 2 branches of the dungeon, and saw 8 of its levels.

You collected 300 gold pieces.
You paid 73 gold pieces to Gozag.

Inventory:

Missiles
 H - 5 poisoned darts
 Z - a throwing net (quivered) {!d , @Q1}
Armour
 b - a +0 leather armour (worn)
 B - a +0 pair of boots (worn)
 P - a +0 helmet (worn)
Jewellery
 f - an uncursed ring of protection from fire
 x - an uncursed ring of stealth
 E - an uncursed ring of protection from fire
 L - a +6 ring of strength (left claw)
 S - an uncursed ring of magical power
 V - a +4 ring of evasion (right claw)
 X - an amulet of the acrobat (around neck)
Wands
 g - a wand of digging (3) {@v1}
 J - a wand of flame (17) {@v6}
 K - a wand of iceblast (11) {@v4}
Scrolls
 c - a scroll of fog
 D - a scroll of enchant weapon
 M - 2 scrolls of magic mapping
 N - 7 scrolls of remove curse {unknown}
 Q - a scroll of blinking {unknown}
 R - 4 scrolls of identify {@r1}
 T - 3 scrolls of teleportation {!r, @r2}
 U - a scroll of enchant armour {unknown}
Potions
 G - a potion of curing {@q1}
 W - a potion of degeneration {unknown}
 Y - a potion of berserk rage


   Skills:
 + Level 4.5 Fighting
 - Level 6.3 Short Blades
 + Level 2.7 Throwing
 + Level 2.9 Armour
 + Level 3.5 Dodging
 - Level 4.5 Stealth
 * Level 3.6 Unarmed Combat


You had 7 spell levels left.
You didn't know any spells.
Your spell library was empty.

Dungeon Overview and Level Annotations

Branches:
Dungeon (7/15)             Temple (1/1) D:5

Altars:
Ashenzari
Dithmenos
Elyvilon
Fedhas
Gozag
Hepliaklqana
Kikubaaqudgha
Makhleb
Okawaru
Qazlal
Ru
Sif Muna
Uskayaw
Vehumet
Xom
Yredelemnul
Zin
The Shining One

Shops:
D:5 [

Annotations:
D:5 Grinder
D:6 1 runed translucent door, Crazy Yiuf


Innate Abilities, Weirdness & Mutations

You have sharp fingernails.
You sometimes gain a little power by taking damage.
When hurt, damage is shared between your health and your magic reserves.
You regenerate magic rapidly.
You have an unusually large brain. (Int +2)


Message History

The orc is no longer distracted by gold.
The wight becomes distracted by the nearby gold, dreaming of imaginary riches.
You scratch the wight but do no damage.
The wight is almost destroyed.
The wight closely misses you.
The orc becomes distracted by the nearby gold, dreaming of imaginary riches.
You barely miss the wight.
The wight is almost destroyed.
The phantom is no longer distracted by gold.
The wight is no longer distracted by gold.
The wight closely misses you.
The phantom becomes distracted by the nearby gold, dreaming of imaginary riches.
You barely miss the wight.
The wight is almost destroyed.
The wight closely misses you.
The orc shouts!
You scratch the wight.
You destroy the wight!
The phantom is no longer distracted by gold.
The phantom blinks!
You closely miss the wight. The wight closely misses you.
The orc becomes distracted by the nearby gold, dreaming of imaginary riches.
You closely miss the wight.
The orc is no longer distracted by gold.
The wight hits you but does no damage.
The orc becomes distracted by the nearby gold, dreaming of imaginary riches.
A bullfrog comes into view.
The orc warrior becomes distracted by the nearby gold, dreaming of imaginary riches.
You barely miss the wight.
The bullfrog gives a loud, deep croak!
The orc warrior shouts!
The orc shouts! x2
The orc warrior is no longer distracted by gold.
The wight hits you with a +0 scimitar!
* * * LOW HITPOINT WARNING * * *
You focus on the pain.
You feel your power returning.
You take 11 damage, and have 22/60 hp.
MP restored: 8 You scratch the wight but do no damage.
The orc is no longer distracted by gold.
The bullfrog becomes distracted by the nearby gold, dreaming of imaginary riches.
The wight closely misses you.
The bullfrog croaks.
You scratch the wight but do no damage. You closely miss the wight.
The orc is no longer distracted by gold.
The wight barely misses you.
The phantom blinks!
You scratch the wight but do no damage. The wight barely misses you.
You closely miss the wight.
The orc becomes distracted by the nearby gold, dreaming of imaginary riches.
The wight becomes distracted by the nearby gold, dreaming of imaginary riches.
You closely miss the wight.
The wight is no longer distracted by gold.
The orc is no longer distracted by gold.
The bullfrog is no longer distracted by gold.
The bullfrog becomes distracted by the nearby gold, dreaming of imaginary riches.
The phantom becomes distracted by the nearby gold, dreaming of imaginary riches.
The orc becomes distracted by the nearby gold, dreaming of imaginary riches.
The wight closely misses you.
You closely miss the wight.
The bullfrog gives a loud, deep croak!
You claw the wight!
The wight is heavily damaged.
The phantom is no longer distracted by gold.
The wight hits you with a +0 scimitar!
* * * LOW HITPOINT WARNING * * *
The orc becomes distracted by the nearby gold, dreaming of imaginary riches.
You take 5 damage, and have 19/60 hp.
You now have 6/8 mp.
The orc shouts!
You scratch the wight.
The wight is almost destroyed.
The orc is no longer distracted by gold.
The wight closely misses you.
You closely miss the wight.
The wight is almost destroyed.
The bullfrog is no longer distracted by gold.
The bullfrog becomes distracted by the nearby gold, dreaming of imaginary riches.
The orc becomes distracted by the nearby gold, dreaming of imaginary riches. x2
The wight hits you with a +0 scimitar.
* * * LOW HITPOINT WARNING * * *
You take 1 damage, and have 18/60 hp.
You now have 5/8 mp.
The orc shouts! x2; The bullfrog gives a loud, deep croak!
You scratch the wight.
You destroy the wight!
The bullfrog is no longer distracted by gold.
Your life force feels restored.
You scratch the orc warrior.
The orc warrior is lightly wounded.
The orc is no longer distracted by gold.
The orc warrior hits you with a +0 war axe!
* * * LOW HITPOINT WARNING * * *
You take 6 damage, and have 12/61 hp.
You now have 5/8 mp.
You scratch the orc warrior but do no damage.
The orc warrior is lightly wounded.
The orc warrior hits you with a +0 war axe.
* * * LOW HITPOINT WARNING * * *
You take 4 damage, and have 8/61 hp.
You now have 3/8 mp.
You closely miss the orc warrior.
The orc warrior is lightly wounded.
The orc warrior hits you with a +0 war axe!
You die...
Your body crumbles into a pile of gold.

██.███... █████.......
██..........█ ██
.......c....█ ... .
............██..█ ...
............o..████....
.?........oW████......█
z.$.......oWzo@..█
...........oF█████
........<..(██
..███████████


You could see 2 phantoms, an orc warrior, a bullfrog, a wight and 3 orcs.

Vanquished Creatures
  Sigmund (D:6)
  An ogre (D:4)
  2 centaurs
  A bullfrog (D:5)
  2 scorpions
  3 wights (D:7)
  3 howler monkeys
  A crimson imp (D:6)
  A centaur zombie (D:5)
  3 hounds
  An orc priest (D:3)
  2 orc wizards (D:5)
  2 bullfrog skeletons
  2 worker ants
  11 adders
  4 ufetubi
  An adder skeleton (D:5)
  2 worms
  2 dart slugs
  4 leopard geckos
  16 orcs
  3 ball pythons
  5 giant cockroaches
  6 goblins
  8 hobgoblins
  3 jackals (D:1)
  8 kobolds
  6 quokkas
  10 bats
  6 frilled lizards
  A leopard gecko zombie (D:4)
  10 rats
131 creatures vanquished.

Vanquished Creatures (others)
  An ice beast (D:6)
  12 plants (D:2)
13 creatures vanquished.

Grand Total: 144 creatures vanquished

Notes
Turn   | Place    | Note
-------+----------+-------------------------------------------
     0 | D:5      | Goblin1989 the Demonspawn Delver began the quest for the
                  | Orb.
     0 | D:5      | Reached XP level 1. HP: 18/18 MP: 1/1
    12 | D:5      | Noticed Grinder
   110 | D:2      | Reached skill level 2 in Short Blades
   294 | D:1      | Gained mutation: When hurt, damage is shared between your
                  | health and your magic reserves. [demonic ancestry]
   294 | D:1      | Reached XP level 2. HP: 8/24 MP: 2/2
   899 | D:1      | Reached skill level 3 in Short Blades
   938 | D:1      | Reached XP level 3. HP: 26/29 MP: 1/3
  1590 | D:2      | Noticed a scorpion
  2587 | D:2      | Reached XP level 4. HP: 35/35 MP: 4/4
  2614 | D:2      | Reached skill level 4 in Short Blades
  3367 | D:3      | Gained mutation: You sometimes gain a little power by
                  | taking damage. [demonic ancestry]
  3367 | D:3      | Reached XP level 5. HP: 37/41 MP: 5/5
  3430 | D:3      | Found a basalt altar of Yredelemnul.
  3480 | D:3      | Reached skill level 5 in Short Blades
  3889 | D:3      | You fall into a shaft and drop 1 floor!
  4195 | D:3      | Gained mutation: You regenerate magic rapidly. [demonic
                  | ancestry]
  4195 | D:3      | Reached XP level 6. HP: 34/47 MP: 4/6
  4894 | D:4      | Found a shimmering altar of Xom.
  5055 | D:4      | Reached skill level 6 in Short Blades
  5445 | D:4      | Reached skill level 1 in Armour
  6018 | D:5      | Reached skill level 1 in Throwing
  6018 | D:5      | Gained mutation: You have sharp fingernails. [demonic
                  | ancestry]
  6018 | D:5      | Reached XP level 7. HP: 12/52 MP: 4/7
  6334 | D:5      | Reached skill level 1 in Unarmed Combat
  6682 | D:5      | Found a staircase to the Ecumenical Temple.
  6689 | Temple   | Entered the Ecumenical Temple
  6695 | Temple   | Became a worshipper of Gozag Ym Sagoz the Greedy
  6720 | D:5      | Found Sauqinki's Armour Boutique.
  6919 | D:5      | Paralysed by Grinder for 6 turns
  7073 | D:6      | Noticed Sigmund
  7088 | D:6      | Killed Sigmund
  7089 | D:6      | Gained mutation: You have an unusually large brain. (Int
                  | +2) [demonic ancestry]
  7089 | D:6      | Reached XP level 8. HP: 16/60 MP: 8/8
  7990 | D:6      | Found a burning altar of Makhleb.
  8051 | D:6      | Found a runed translucent door.
  8052 | D:6      | Noticed Crazy Yiuf
  8364 | D:7      | Slain by an orc warrior

Illustrated notes

Levels and vault maps discovered:
D:1:      co_arrival_random_square_maze, layout_basic, minivault_19
D:2:      layout_rooms, chequers_big_river, chequers_serial_rivers_micro_b,
          chequers_serial_rivers_small_3
D:3:      layout_loops_ring, overflow_temple_1_default
D:4:      layout_basic, led_xom_imps
D:5:      black_bear_nest_1, layout_loops_cross,
          minmay_temple_entry_sparse_star, serial_shops, shop_fountains,
          uniq_grinder, uniq_pikel
D:6:      layout_loops_ring, makhleb_grotto_becter, uniq_crazy_yiuf_cottage,
          uniq_sigmund
D:7:      layout_rooms, minmay_overflow_temple_star_quad, serial_shops, shop,
          kennysheep_little_box
Temple:   minmay_freezing_vapour_temple

Skill      XL: |  1  2  3  4  5  6  7  8 |
---------------+-------------------------+-----
Short Blades   | 2 3 4 5 6 |  6.3
Dodging        | 2 3 |  3.5
Armour         | 1 2 |  2.9
Throwing       | 1 2 |  2.7
Unarmed Combat | 2 3 |  3.6
Fighting       | 4 |  4.5
Stealth        | |  4.5

Action                   |  1- 3 |  4- 6 |  7- 9 || total
-------------------------+-------+-------+-------++-------
Melee: Short sword       |   232 |   284 |   177 ||   693
       Unarmed           |       |       |    70 ||    70
  Use: Potion            |     1 |     1 |     7 ||     9
       Scroll            |     1 |       |     6 ||     7
 Stab: Sleeping          |     3 |    13 |     1 ||    17
       Invisible         |       |       |     5 ||     5
       Distracted        |       |       |     3 ||     3
Armor: Leather armour    |    61 |    42 |    25 ||   128
Dodge: Dodged            |   204 |   197 |   211 ||   612
